 Dungeon Crawl Stone Soup version 0.23.0 (webtiles) character file.

Game seed: 1862130709340769653

3808 Frank the Covert (level 10, -6/66 HPs)
             Began as an Octopode Fighter on Feb 18, 2019.
             Was a Believer of Makhleb.
             Mangled by Harold
             ... wielding a +1 trident of protection
              (17 damage)
             ... on level 7 of the Dungeon.
             The game lasted 00:13:30 (5055 turns).

Frank the Covert (Octopode Fighter)                 Turns: 5055, Time: 00:13:31

Health: -6/66      AC:  3    Str: 22    XL:     10   Next: 17%
Magic:  14/14      EV: 15    Int: 10    God:    Makhleb [**....]
Gold:   248        SH: 11    Dex: 19    Spells: 9/9 levels left

rFire    . . .     SeeInvis .   a - +1 long sword
rCold    . . .     Gourm    .   b - +0 shield
rNeg     + . .     Faith    .   r - +2 hat
rPois    +         Spirit   .   (no amulet)
rElec    .         Reflect  .   e - +5 ring of dexterity
rCorr    .         Harm     .   s - ring of positive energy
MR       .....                  u - ring of poison resistance
Stlth    ++++++....             (no ring)
HPRegen  0.21/turn              (no ring)
MPRegen  0.14/turn              (no ring)
                                (no ring)
                                (no ring)

@: mighty, marked, berserk cooldown, slowed, very slow
A: almost no armour, stealthy swim, amphibious, 8 rings, constrict 8, camouflage
1, gelatinous body 1
a: Minor Destruction, Renounce Religion


You were on level 7 of the Dungeon.
You worshipped Makhleb.
Makhleb was pleased with you.
You were not hungry.

You visited 1 branch of the dungeon, and saw 7 of its levels.

You collected 248 gold pieces.

Inventory:

Hand Weapons
 a - a +1 long sword (weapon)
Armour
 b - a +0 shield (worn)
 r - a +2 hat (worn)
Jewellery
 e - a +5 ring of dexterity (left tentacle)
 s - a ring of positive energy (right tentacle)
 u - a ring of poison resistance (on tentacle)
Wands
 k - a wand of paralysis (6)
 p - a wand of iceblast (6)
 x - a wand of polymorph (5)
Scrolls
 h - a scroll of amnesia
 j - 2 scrolls of magic mapping
 l - 3 scrolls of teleportation
 v - 4 scrolls of remove curse
Potions
 c - 2 potions of might
 m - a potion of cancellation
 n - a potion of mutation {unknown}
 o - a potion of resistance {unknown}
 q - 2 potions of brilliance {unknown}
 t - a potion of agility {unknown}
 w - 2 potions of curing {unknown}
 z - a potion of ambrosia {unknown}
Comestibles
 d - 12 rations


   Skills:
 + Level 5.3 Fighting
 + Level 8.2 Long Blades
 + Level 5.2 Dodging
 + Level 9.6 Stealth
 + Level 5.6 Shields
 * Level 6.1 Evocations


You had 9 spell levels left.
You didn't know any spells.
Your spell library was empty.

Dungeon Overview and Level Annotations

Branches:
Dungeon (7/15)             Temple (0/1) D:5

Altars:
Gozag
Hepliaklqana
Makhleb
Trog
Uskayaw

Shops:
D:5 (

Annotations:
D:7 Harold


Innate Abilities, Weirdness & Mutations

You cannot wear most types of armour.
You are very stealthy in the water. (Stealth+)
You are amphibious.
You can wear up to eight rings at the same time.
You can use your tentacles to constrict eight enemies at once.
Your skin changes colour to match your surroundings (Stealth+).
Your rubbery body absorbs attacks. (AC +1, EV +1)


Message History

A shadow imp comes into view.
You block Harold's attack.
You completely miss Harold.
Harold is lightly wounded.
You constrict Harold, but do no damage.
Harold hits you with a +1 trident of protection!
You block Harold's attack.
You hit Harold.
Harold is lightly wounded.
You constrict Harold.
Harold hits you with a +1 trident of protection!
* * * LOW HITPOINT WARNING * * *
You hit Harold. You squeeze Harold, but do no damage.
Harold is moderately wounded.
You constrict Harold.
The shadow imp shouts, "Get thee gone, thou qualling half-faced canker-blossom!"
You block Harold's attack.
A leopard gecko comes into view.
Harold hits you with a +1 trident of protection!
You die...

*,* *,,,,,,*#....#.#,,,,,**,,,*
*,* *,******#.(....#***,,*,,,**
*,* *,* #..#######*,,,,,** *,*
*,*######...........,*,,,** *,*
*,*#.......#######..,**,,,# *,*
*,*#.######......l...***,,. ,,*
*,*#.* #...S.####..* **,. ,**
*,*#.#####@.†..#.....#####.
,******,*#......@.5..#,#.........
,,,,,,,,*#...........#,#.........
*********#...........#,##..#<.#..
*,,,,...###)#######,**,,##.#.#
*,****#***#(#******,**,,*..#.#
*,* #...).....#*,**,,#..#.#
*,*****#.........#*,**,,#..#.#
*,,,,,...........#*,**,,##[#.#
*****###.........#*,**,,,.S#+#


You could see Harold, an adder, a shadow imp and a leopard gecko.

Vanquished Creatures
  2 ogre magi (D:7)
  A wizard (D:7)
  Grinder (D:6)
  A water moccasin (D:6)
  Duvessa (D:6)
  3 sky beasts (D:6)
  An ogre (D:6)
  2 centaurs
  Dowan (D:6)
  A scorpion (D:5)
  5 wights (D:7)
  A howler monkey (D:7)
  2 crimson imps
  2 hounds
  A jelly (D:6)
  2 orc priests (D:5)
  Crazy Yiuf (D:2)
  An iguana (D:6)
  2 orc wizards
  8 worker ants
  2 hound skeletons (D:6)
  6 adders
  An ooze (D:1)
  An adder skeleton (D:4)
  4 worms
  2 dart slugs
  6 leopard geckos
  8 orcs
  2 ball pythons
  7 giant cockroaches
  5 hobgoblins
  7 jackals
  3 quokkas
  9 bats
  10 frilled lizards
  A giant cockroach zombie (D:6)
  6 goblins
  9 kobolds
  A quokka skeleton (D:4)
  7 rats
136 creatures vanquished.

Notes
Turn   | Place    | Note
-------+----------+-------------------------------------------
     0 | D:1      | Frank the Octopode Fighter began the quest for the Orb.
     0 | D:1      | Reached XP level 1. HP: 16/16 MP: 1/1
   194 | D:1      | Reached XP level 2. HP: 14/21 MP: 2/2
   345 | D:1      | Reached XP level 3. HP: 25/26 MP: 3/3
   719 | D:2      | Reached skill level 1 in Stealth
   928 | D:2      | Reached XP level 4. HP: 23/31 MP: 4/4
  1163 | D:2      | Found a bloodstained altar of Trog.
  1614 | D:2      | Found a runed translucent door.
  1615 | D:2      | Noticed Crazy Yiuf
  1621 | D:2      | Killed Crazy Yiuf
  1621 | D:2      | Reached skill level 2 in Stealth
  1621 | D:2      | Reached XP level 5. HP: 19/36 MP: 1/5
  1693 | D:3      | Found a hide-covered altar of Uskayaw.
  1693 | D:3      | Found an opulent altar of Gozag.
  1719 | D:3      | Found a burning altar of Makhleb.
  1728 | D:3      | Became a worshipper of Makhleb the Destroyer
  2187 | D:3      | Reached skill level 3 in Stealth
  2187 | D:3      | Reached XP level 6. HP: 38/42 MP: 6/6
  2471 | D:4      | You fall through a shaft for 3 floors!
  2621 | D:5      | Entered Level 5 of the Dungeon
  2804 | D:4      | Reached skill level 4 in Stealth
  3140 | D:4      | Reached skill level 1 in Evocations
  3140 | D:4      | Reached XP level 7. HP: 46/47 MP: 7/7
  3333 | D:5      | You fall through a shaft!
  3377 | D:6      | Reached skill level 5 in Stealth
  3408 | D:6      | Reached * piety under Makhleb
  3408 | D:6      | Reached skill level 5 in Long Blades
  3591 | D:6      | Reached XP level 8. HP: 54/54 MP: 9/9
  3661 | D:6      | Noticed Dowan
  3661 | D:6      | Noticed Duvessa
  3671 | D:6      | Killed Dowan
  3671 | D:6      | Reached skill level 6 in Stealth
  3676 | D:6      | Killed Duvessa
  3769 | D:6      | Noticed Grinder
  3776 | D:6      | Killed Grinder
  3776 | D:6      | Reached skill level 7 in Stealth
  4102 | D:5      | Found Kocsy's Weapon Shop.
  4270 | D:5      | Reached ** piety under Makhleb
  4515 | D:5      | Found a staircase to the Ecumenical Temple.
  4525 | D:5      | Reached XP level 9. HP: 35/59 MP: 12/12
  4562 | D:5      | Found a hazy altar of Hepliaklqana.
  4704 | D:7      | Noticed an ogre mage
  4704 | D:7      | Noticed a wizard
  4706 | D:7      | Noticed an ogre mage
  4713 | D:7      | Killed a wizard
  4713 | D:7      | Reached skill level 8 in Stealth
  4713 | D:7      | Reached skill level 5 in Shields
  4715 | D:7      | Killed an ogre mage
  4715 | D:7      | Reached skill level 5 in Fighting
  4715 | D:7      | Reached skill level 9 in Stealth
  4715 | D:7      | Reached skill level 5 in Evocations
  4718 | D:7      | Noticed a cyan ugly thing
  4719 | D:7      | Killed an ogre mage
  4719 | D:7      | Reached skill level 5 in Dodging
  4719 | D:7      | Reached XP level 10. HP: 15/66 MP: 12/14
  4724 | D:7      | Noticed a cyclops
  5042 | D:7      | Noticed Harold
  5055 | D:7      | Mangled by Harold

Skill      XL: |  1  2  3  4  5  6  7  8  9 |
---------------+----------------------------+-----
Stealth        | 1 2 3 4 5 7 9 |  9.6
Long Blades    | 3 4 5 6 8 |  8.2
Shields        | 4 5 |  5.6
Evocations     | 1 2 4 6 |  6.1
Fighting       | 4 5 |  5.3
Dodging        | 4 5 |  5.2

Action                   |  1- 3 |  4- 6 |  7- 9 | 10-12 || total
-------------------------+-------+-------+-------+-------++-------
Melee: Long sword        |    51 |   113 |   114 |    23 ||   301
       Tentacles         |    12 |    28 |    40 |     9 ||    89
       Constrict         |    15 |    35 |    22 |     6 ||    78
Evoke: Wand              |       |       |     8 |       ||     8
  Use: Scroll            |     5 |    10 |     4 |     1 ||    20
       Potion            |       |     1 |       |     3 ||     4
 Stab: Sleeping          |     5 |    12 |    10 |       ||    27
       Distracted        |       |       |     1 |       ||     1
       Paralysed         |       |       |     7 |       ||     7
  Eat: Chunk             |       |     7 |     4 |       ||    11
       Ration            |       |       |       |     1 ||     1
Armor: Skin              |     6 |     6 |     8 |       ||    20
Dodge: Dodged            |    32 |    46 |    49 |    12 ||   139
Block: Shield            |    28 |    52 |    42 |    13 ||   135
       Rpst.: Long sword |     8 |    15 |    13 |     2 ||    38
